 Dungeon Crawl Stone Soup version 0.31-b1-20-g67cafac56d (webtiles) character file.

Game seed: 18283354857662559714

87 Esekla the Sneak (level 4, 31/31 HPs)
             Began as an Octopode Delver on Jan 18, 2024.
             Quit the game on level 4 of the Dungeon.
             The game lasted 00:04:36 (654 turns).

Esekla the Sneak (Octopode Delver)                   Turns: 654, Time: 00:04:37

Health: 31/31      AC:  1    Str: 11    XL:     4   Next: 51%
Magic:  5/5        EV: 13    Int: 14    God:
Gold:   91         SH:  0    Dex: 13    Spells: 5/5 levels left

rFire   . . .        a - +0 long sword
rCold   . . .        (no shield)
rNeg    . . .        (helmet restricted)
rPois   .            (no amulet)
rElec   .            (no ring)
rCorr   .            (no ring)
SInv    .            (no ring)
Will    .....        (no ring)
Stlth   +++++        (no ring)
HPRegen 0.25/turn    (no ring)
MPRegen 0.09/turn    (no ring)
                     (no ring)

%: no passive effects
@: no status effects
A: almost no armour, amphibious, 8 rings, camouflage 1, gelatinous body 1,
(nimble swimmer 1), tentacles
a: no special abilities


You were on level 4 of the Dungeon.
You visited 1 branch of the dungeon, and saw 2 of its levels.

You collected 91 gold pieces.

Inventory:

Hand Weapons
 a - a +0 long sword (weapon)
Missiles
 j - 2 boomerangs (quivered)
Wands
 f - a wand of digging (3)
Scrolls
 b - a scroll of fog
 c - a scroll of acquirement {unknown}
 d - a scroll of fear
 g - a scroll of amnesia {unknown}
 i - a scroll of identify {unknown}
 k - a scroll of immolation {unknown}
Potions
 e - a potion of haste
 h - a potion of lignification {unknown}


   Skills:
 * Level 3.5 Fighting
 * Level 2.4 Long Blades
 * Level 2.5 Dodging
 + Level 7.6 Stealth
 * Level 1.0 Spellcasting


You had 5 spell levels left.
You didn't know any spells.
Your spell library was empty.

Dungeon Overview and Level Annotations

Branches:
Dungeon (5/15)
 Temple: D:4-7

Altars:
Elyvilon


Innate Abilities, Weirdness & Mutations

You cannot wear most types of armour.
You are amphibious.
You can wear up to eight rings at the same time.
Your skin changes colour to match your surroundings (Stealth+).
Your rubbery body absorbs attacks. (AC +1, EV +1)
((You are camouflaged when in or above water. (Stealth+)))
You have tentacles for arms and can constrict up to eight enemies at once.


Message History

The helpless hobgoblin fails to defend itself.
You slash the hobgoblin!
You kill the hobgoblin!
You see here a hobgoblin corpse.
The iguana hisses angrily.
You see here a hobgoblin corpse.
There is an escape hatch in the ceiling here.
There is an open door here.
You close the door.
You open the door.
Found an escape hatch in the floor.
There is an open door here.
Found a stone staircase leading up.
There is a stone staircase leading up here.
There is a stone staircase leading up here.
You open the door.
Found 7 gold pieces.
There is an open door here.
You now have 91 gold pieces (gained 7).
You open the door.
There is an open door here.
You open the door.
There is an open door here.
A ball python comes into view.
The ball python hisses angrily.
The ball python barely misses you. The ball python grabs you.
The ball python constricts you.
You slash the ball python!
You kill the ball python!
You see here a ball python corpse.
A goblin comes into view. It is wielding a +0 club.
Found a rapier.
Found 4 stones.
Found a stone staircase leading down.
The helpless goblin fails to defend itself.
You slash the goblin!
You kill the goblin!
You see here a +0 club.
You see here a +0 rapier.
Are you sure you want to abandon this character and quit the game? (Confirm with "yes".)

########.# .........#
#####...## #.....####### ###
#............ ..#
#.....####### #.# ##...## #.#
###.# #######.# #.# #..@....#
##'## #.#####.## ##...## #.#
##..)## ##.....###.###.....#
##.......##.##......#
###.........#.........######.
#.'.........+........)(....>.
###.........#........#######.
##.......##.#.#.##.#


There were no monsters in sight!

Vanquished Creatures
  A howler monkey (D:5)
  A bombardier beetle (D:5)
  A gnoll (D:5)
  A ball python (D:4)
  A goblin (D:4)
  2 hobgoblins (D:4)
7 creatures vanquished.

Notes
Turn   | Place    | Note
-------+----------+-------------------------------------------
     0 | D:5      | Esekla the Octopode Delver began the quest for the Orb.
     0 | D:5      | Reached XP level 1. HP: 16/16 MP: 1/1
     1 | D:5      | Noticed an iguana
    74 | D:5      | Noticed a bombardier beetle
    78 | D:5      | Noticed a hound
    89 | D:5      | Noticed a howler monkey
    96 | D:5      | Killed a howler monkey
    97 | D:5      | Reached skill level 7 in Stealth
    97 | D:5      | Reached XP level 2. HP: 15/21 MP: 1/3
    97 | D:5      | Reached XP level 3. HP: 18/26 MP: 1/4
   125 | D:5      | Found a white marble altar of Elyvilon.
   141 | D:5      | Reached skill level 1 in Spellcasting
   141 | D:5      | Reached XP level 4. HP: 14/31 MP: 5/5
   258 | D:4      | Noticed a black bear
   654 | D:4      | Quit the game

Illustrated notes

Levels and vault maps discovered:
D:4:      minmay_chambers_of_threes, layout_loops_corners
D:5:      layout_rooms, amcnicky_altar_gilded, serial_co_window_serial,
          co_window_corner_a, co_window_of_opportunity_a,
          co_window_of_opportunity_a, co_window_of_opportunity_a,
          co_window_paths_b, co_window_corner_a, co_window_corner_a,
          co_window_cross_1, co_window_corner_a, co_window_paths_c,
          co_window_2corner, co_window_paths_c, co_window_unsneaky_path_c,
          co_window_corner_b, co_window_cross_2, co_window_corner_ca,
          co_window_4corner_b, glass_columns_a, glass_columns_a,
          glass_columns_b, glass_columns_a, glass_columns_b

Skill      XL: |  1  2  3 |
---------------+----------+-----
Stealth        | 7 |  7.6
Spellcasting   | 1 |  1.0
Fighting       | |  3.5
Long Blades    | |  2.4
Dodging        | |  2.5

Action                     |  1- 3 |  4- 6 || total
---------------------------+-------+-------++-------
  Melee: Falchion          |    10 |     2 ||    12
         Tentacles         |     4 |     1 ||     5
         Constrict         |     3 |     1 ||     4
         Punch             |     1 |       ||     1
         Long sword        |       |     3 ||     3
    Use: Scroll            |     1 |       ||     1
   Stab: Sleeping          |       |     2 ||     2
 Armour: Skin              |     5 |       ||     5
  Dodge: Dodged            |     6 |     1 ||     7
